 Dungeon Crawl Stone Soup version 0.17-a0-543-g13d7571 (webtiles) character file.

86 BluebellGnoll the Cudgeler (level 4, -7/44 HPs)
             Began as an Ogre Hunter on Apr 13, 2015.
             Mangled by an iron imp (11 damage)
             ... summoned by Natasha
             ... on level 2 of the Dungeon.
             The game lasted 00:08:32 (1723 turns).

BluebellGnoll the Cudgeler (Ogre Hunter)            Turns: 1723, Time: 00:08:32

Health: -7/44      AC:  3    Str: 18    XL:     4   Next: 49%
Magic:  4/4        EV: 10    Int: 10    God:
Gold:   82         SH:  0    Dex: 10    Spells: 0 memorised, 3 levels left

rFire  . . .     SeeInvis .     e - +0 whip
rCold  . . .     Clarity  .     d - +0 animal skin
rNeg   . . .     SustAb   .     (no shield)
rPois  .         Gourm    .     (helmet restricted)
rElec  .         Spirit   .     (no cloak)
rCorr  .         Warding  .     (gloves unavailable)
rMut   .         Stasis   .     (boots unavailable)
MR     .....                    (no amulet)
Stlth  +.........               (no ring)
                                (no ring)

@: not resistant to hostile enchantments, very unstealthy
A: unfitting armour, tough skin 1
a: no special abilities


You were on level 2 of the Dungeon.
You were not hungry.

You visited 1 branch of the dungeon, and saw 2 of its levels.

You collected 82 gold pieces.

Inventory:

Hand weapons
 e - a +0 whip (weapon)
Missiles
 c - 4 large rocks (quivered)
 g - 47 stones
 o - 13 poisoned needles
 p - 7 javelins
Armour
 d - a +0 animal skin (worn)
Scrolls
 a - a scroll of recharging {unknown}
 h - a scroll of identify {unknown}
 i - 2 scrolls of teleportation {unknown}
 m - a scroll of enchant weapon {unknown}
 n - a scroll of fog {unknown}
 q - a scroll of immolation {unknown}
 s - a scroll of blinking {unknown}
Potions
 b - a potion of restore abilities {unknown}
 l - 2 potions of curing
Comestibles
 f - a bread ration
 k - a beef jerky


   Skills:
 - Level 2.6 Fighting
 + Level 5.3 Maces & Flails
 - Level 4.3 Throwing
 - Level 1.7 Dodging
 - Level 0.7 Stealth


You had 3 spell levels left.
You didn't know any spells.

Dungeon Overview and Level Annotations

Branches:
Dungeon (2/15)

Altars:

Annotations:
D:2 Natasha


Innate Abilities, Weirdness & Mutations

You are too large for most types of armour.
You have tough skin (AC +1).


Message History

You are too injured to fight recklessly!
You closely miss Natasha.
Natasha is severely wounded.
The white imp hits you but does no damage.
Natasha barely misses you. The iron imp hits you.
* * * LOW HITPOINT WARNING * * *
Throwing (i - inventory. (,) - cycle):
r - a throwing net (quivered)
Press: ? - help, Shift-Dir - straight line, f/p - Natasha
Aim: Natasha (heavily wounded)
You throw a throwing net. The throwing net hits Natasha.
Natasha is caught in the net!
Natasha is heavily wounded.
The white imp gestures at you. The puff of frost hits you!
* * * LOW HITPOINT WARNING * * *
Natasha struggles to escape the net.
You barely miss Natasha.
Natasha is heavily wounded.
The iron imp hits you!
You die...

..........#
..........+
..........###
..........+.#
..........#.#####
................#
...###........#.#
...# #........#.####
...###........#5@h.#
..........h...###5##
.........####.....#
.........# #######
.........#
.....h...# .........
......... ........h


You could see an iron imp, Natasha (caught) and a white imp.

Vanquished Creatures
  Ijyb (D:2)
  2 adders (D:2)
  A giant gecko (D:1)
  2 ball pythons
  4 bats
  5 goblins
  5 hobgoblins
  2 jackals (D:1)
  4 giant cockroaches
  A giant newt (D:1)
  6 kobolds
  5 rats
38 creatures vanquished.

Notes
Turn   | Place    | Note
--------------------------------------------------------------
     0 | D:1      | BluebellGnoll, the Ogre Hunter, began the quest for the Orb.
     0 | D:1      | Reached XP level 1. HP: 22/22 MP: 1/1
   139 | D:1      | Reached skill level 1 in Maces & Flails
   186 | D:1      | Reached XP level 2. HP: 29/29 MP: 2/2
   882 | D:1      | Reached XP level 3. HP: 14/36 MP: 3/3
  1444 | D:2      | Noticed Ijyb
  1552 | D:2      | Killed Ijyb
  1552 | D:2      | Reached skill level 5 in Maces & Flails
  1552 | D:2      | Reached XP level 4. HP: 23/44 MP: 4/4
  1693 | D:2      | Noticed Natasha
  1723 | D:2      | Mangled by an iron imp

Action                   |  1- 3 |  4- 6 || total
-------------------------+-------+-------++-------
Melee: Whip              |   159 |    19 ||   178
Throw: Stone             |    64 |       ||    64
       Large rock        |     9 |       ||     9
       Throwing net      |     2 |     2 ||     4
  Use: Potion            |     1 |       ||     1
  Eat: Chunk             |     2 |     1 ||     3
